AoeStats
← Quaresma

Arabia

508974996Analyzed
2v2 RM · 7d ago on Sep 24, 2026· 51m 45s· 4 players
Game mode
Random Map
Map size
Medium (4 player)
Population
200
Speed
Normal
Resources
Standard
Victory
Conquest
Starting age
Dark Age
Ending age
Imperial Age
RankedLock teamsTeams togetherTeam positionsShared explorationLock speedFull tech treeHidden civsTurbo modeCheats
Victory
Defeat
🇺🇾 Berbers · Uruguay
1024
+16
🇺🇾 Magyars · Uruguay
984
+17
🇹🇷 Huns · Türkiye
1031
-17
🇨🇴 Spanish · Colombia
1012
-16
VitoPedroPiranha
0:28 Loom
10:45 Feudal Age
11:33 Double-Bit Axe
15:51 Forging
21:52 Castle Age
21:00 Scale Barding Armor
21:07 Bloodlines
23:01 Chain Barding Armor
23:52 Husbandry
25:26 Iron Casting
24:54 Gold Mining
28:04 Wheelbarrow
35:59 Fletching
36:09 Padded Archer Armor
36:04 Stone Mining
37:47 Hand Cart
37:27 Light Cavalry
38:42 Murder Holes
41:45 Imperial Age
39:35 Bodkin Arrow
45:42 Bracer
47:37 Heavy Camel Rider
50:33 Maghrebi Camels
51:19 Conscription
elgs
6:47 Loom
9:59 Feudal Age
10:52 Double-Bit Axe
15:22 Wheelbarrow
18:51 Bloodlines
19:12 Scale Barding Armor
22:43 Castle Age
24:23 Bow Saw
26:23 Fletching
26:33 Town Watch
27:54 Chain Barding Armor
30:02 Bodkin Arrow
30:11 Husbandry
30:40 Scale Mail Armor
30:44 Padded Archer Armor
30:50 Husbandry
31:01 Thumb Ring
32:00 Horse Collar
32:14 Gold Mining
41:22 Imperial Age
39:12 Corvinian Army
40:20 Hand Cart
40:06 Town Patrol
40:14 Stone Mining
40:48 Heavy Plow
41:13 Leather Archer Armor
43:33 Conscription
42:34 Elite Magyar Huszar
45:08 Hoardings
45:10 Elite Genitour
47:43 Chemistry
48:37 Parthian Tactics
47:33 Heavy Cavalry Archer
48:18 Recurve Bow
Quaresma
10:32 Feudal Age
14:08 Double-Bit Axe
16:41 Castle Age
14:31 Loom
14:52 Horse Collar
17:18 Castle Age
16:33 Scale Barding Armor
16:30 Gold Mining
18:41 Husbandry
19:28 Heavy Plow
21:28 Forging
22:46 Town Watch
24:47 Wheelbarrow
27:12 Chain Barding Armor
31:42 Hand Cart
32:12 Pikeman
40:18 Town Patrol
45:35 Imperial Age
43:44 Iron Casting
44:11 Scale Mail Armor
44:20 Light Cavalry
45:11 Bloodlines
45:11 Stone Mining
46:13 Squires
46:26 Cavalier
juansrv
3:32 Loom
10:26 Feudal Age
11:02 Double-Bit Axe
15:09 Bloodlines
16:43 Wheelbarrow
17:57 Forging
18:55 Horse Collar
23:41 Castle Age
30:06 Husbandry
30:28 Gold Mining
32:51 Pikeman
37:48 Bow Saw
37:40 Heavy Plow
42:33 Imperial Age
41:04 Scale Barding Armor
41:34 Iron Casting
40:51 Fletching
42:07 Ballistics
41:44 Murder Holes
42:31 Gambesons
42:46 Squires
43:48 Conscription
44:37 Squires
44:04 Elite Skirmisher
46:58 Hand Cart
Connection lost

Rejoining the realm…

Still unreachable

The connection could not be restored.

Session expired

The server has moved on; the page needs a fresh start.